 Dungeon Crawl Stone Soup version 0.25-a0-670-g50981ef59b (console) character file.

Game seed: 16347124772633071897, levelgen mode: classic

4076 Duffy the Cleaver (level 10, 60/81 HPs)
             Began as a Deep Dwarf Fighter on Mar 29, 2020.
             Was an Initiate of Makhleb.
             Quit the game on level 8 of the Dungeon.
             The game lasted 00:12:06 (6805 turns).

Duffy the Cleaver (Deep Dwarf Fighter)              Turns: 6805, Time: 00:12:07

Health: 60/81      AC: 17    Str: 24    XL:     10   Next: 5%
Magic:  12/12      EV:  8    Int: 12    God:    Makhleb [......]
Gold:   217        SH: 14    Dex: 22    Spells: 9/9 levels left

rFire    + + .     SeeInvis +   b - +8 spear {vorpal, rF++ Str+4 Dex+4 Stlth-}
rCold    . . .     Gourm    .   c - +0 kite shield
rNeg     . . .     Faith    .   K - +0 plate armour
rPois    .         Spirit   .   k - +0 helmet
rElec    .         Reflect  +   i - +0 cloak
rCorr    .         Harm     .   (no gloves)
MR       +....                  h - +0 pair of boots
Stlth    ..........             o - +2 amulet of reflection
HPRegen  0.00/turn              E - +4 ring of dexterity
MPRegen  0.13/turn              N - ring of see invisible

@: non-regenerating
A: damage resistance, heal wounds, agile 1, blink, sense surroundings 2,
MP-powered wands, no regeneration
a: Heal Wounds, Blink, Renounce Religion


You were on level 8 of the Dungeon.
You worshipped Makhleb.
Makhleb was noncommittal.
You were not hungry.

You visited 2 branches of the dungeon, and saw 9 of its levels.
You also visited: Sewer and Ossuary.

You collected 307 gold pieces.
You spent 90 gold pieces at shops.

Inventory:

Hand Weapons
 a - a +1 war axe
 b - the +8 spear of an ice cave (weapon) {vorpal, rF++ Str+4 Dex+4 Stlth-}
   (You found it on level 4 of the Dungeon)

   It inflicts extra damage upon your enemies.
   It affects your strength (+4).
   It affects your dexterity (+4).
   It greatly protects you from fire.
   It makes you less stealthy.
 e - a +0 trident
Armour
 c - a +0 kite shield (worn)
 h - a +0 pair of boots (worn)
 i - a +0 cloak (worn)
 k - a +0 helmet (worn)
 A - the +3 robe of Folly (quivered) {Archmagi, MR-- Int+5}
   (You found it on level 4 of the Dungeon)

   It affects your intelligence (+5).
   It affects your resistance to hostile enchantments.
 K - a +0 plate armour (worn)
 M - the +1 scale mail of Analysis {MR+}
   (You found it on level 7 of the Dungeon)

   It affects your resistance to hostile enchantments.
Magical Staves
 r - an uncursed staff of poison {!a, unknown}
Jewellery
 o - a +2 amulet of reflection (around neck)
 E - a +4 ring of dexterity (left hand)
 N - a ring of see invisible (right hand)
Wands
 q - a wand of polymorph (20)
 H - a wand of flame (23)
 J - a wand of enslavement (8)
Scrolls
 m - 2 scrolls of magic mapping
 n - 2 scrolls of immolation
 p - 4 scrolls of fog
 s - 2 scrolls of teleportation
 t - 3 scrolls of remove curse
Potions
 d - 3 potions of might
 g - 4 potions of brilliance
 j - 2 potions of ambrosia
 l - 6 potions of heal wounds
 u - 2 potions of haste
 v - a potion of curing
 x - a potion of resistance
 z - 5 potions of lignification
 C - a potion of magic
 F - a potion of berserk rage
 I - 2 potions of flight
 L - a potion of invisibility
Comestibles
 f - 12 rations
 w - 5 chunks of flesh


   Skills:
 - Level 2.6 Fighting
 - Level 10.2 Axes
 + Level 8.2 Armour
 + Level 4.1 Dodging
 + Level 8.2 Shields
 - Level 5.3 Evocations


You had 9 spell levels left.
You didn't know any spells.
Your spell library contained the following spells:

 Spells                   Type           Power        Failure   Level  Hunger
 Summon Butterflies       Summ           #.......     100%        1    ##.....
 Call Canine Familiar     Summ           #.......     100%        3    ####...
 Summon Ice Beast         Ice/Summ       #.......     100%        4    #####..
 Summon Mana Viper        Hex/Summ       #.......     100%        5    ######.
 Summon Hydra             Summ           #.........   100%        7    #######


Dungeon Overview and Level Annotations

Branches:
Dungeon (8/15)             Temple (1/1) D:7           Sewer (visited)
Ossuary (visited)
   Lair: D:8-11

Altars:
Ashenzari
Cheibriados
Dithmenos
Elyvilon
Fedhas
Gozag
Hepliaklqana
Kikubaaqudgha
Makhleb
Nemelex Xobeh
Qazlal
Ru
Sif Muna
Trog
Uskayaw
Vehumet
Wu Jian
Xom
Yredelemnul
Zin
The Shining One

Shops:
D:5 %}!

Annotations:
D:7 dig


Innate Abilities, Weirdness & Mutations

You are resistant to damage.
You can heal yourself by infusing magical energy.
You passively map the area around you.
You do not regenerate.
You are agile. (Dex +2)
You can translocate small distances at will.
You expend magic power (3 MP) to strengthen your wands.


Message History

You block Erica's attack.
You puncture Erica!
You kill Erica!
Makhleb accepts your kill.
Your Armour skill increases to level 8!
Your Dodging skill increases to level 4!
Your Shields skill increases to level 8!
You have reached level 10!
Things that are here:
a +0 scimitar of flaming; a +0 robe; the human corpse of Erica You butcher the human corpse of Erica.
w - 5 chunks of flesh (gained 3)
Things that are here:
a +0 scimitar of flaming; a +0 robe; the human skeleton of Erica
Found a dagger.
Found a ring mail.
You see here a ring mail.
f - 12 rations (gained 1)
Found a flail.
Are you sure you want to abandon this character and quit the game? (Confirm with "yes".)

#.# #.# #)##.# #.#
#.# #.##.#
###.#####.######.##.#
.................##.#
###.###############.#
* #.# #.# * #.# #.#
#*#.#*****#########.#
#*...*,,,,)......@..#
.....,,***###########
##..,*** **,** *,*
*,* ***,* ,,,,* *****


There were no monsters in sight!

Vanquished Creatures
  Erica (D:8)
  Grinder (D:6)
  Menkaure (D:4)
  Duvessa (D:6)
  An orc warrior (D:6)
  A sky beast (D:5)
  A black bear (D:8)
  A phantom (D:7)
  5 ogres
  A big kobold (Sewer)
  4 elf zombies (Ossuary)
  4 bullfrogs
  Dowan (D:6)
  A scorpion (D:6)
  A howler monkey (D:6)
  A killer bee (D:4)
  A crimson imp (D:7)
  A human zombie (Ossuary)
  7 hounds
  3 jellies
  A centaur skeleton (D:4)
  2 orc priests (D:6)
  5 orc wizards
  Crazy Yiuf (D:2)
  A gnoll shaman (D:5)
  Terence (D:2)
  6 worker ants
  Natasha (thrice) (D:4)
  A killer bee zombie (D:5)
  A hound skeleton (D:7)
  2 mummies (Ossuary)
  Robin (D:2)
  7 gnolls (D:5)
  11 adders
  2 howler monkey skeletons
  2 river rats (Sewer)
  A shadow imp (D:6)
  An ooze (Sewer)
  2 adder skeletons (D:4)
  An adder zombie (Ossuary)
  5 worms
  2 dart slugs
  6 leopard geckos
  26 orcs
  10 giant cockroaches
  14 goblins
  9 hobgoblins
  10 jackals
  4 quokkas
  6 ball pythons
  10 bats
  11 frilled lizards
  7 hobgoblin zombies (Ossuary)
  3 jackal zombies (Ossuary)
  8 kobolds
  11 kobold zombies (Ossuary)
  8 orc zombies (Ossuary)
  A quokka zombie (D:6)
  13 rats
  A rat zombie (Ossuary)
255 creatures vanquished.

Vanquished Creatures (others)
  A big kobold (Sewer)
  A kobold (Sewer)
2 creatures vanquished.

Grand Total: 257 creatures vanquished

Notes
Turn   | Place    | Note
-------+----------+-------------------------------------------
     0 | D:1      | Duffy the Deep Dwarf Fighter began the quest for the Orb.
     0 | D:1      | Reached XP level 1. HP: 20/20 MP: 1/1
   100 | D:1      | You fall into a shaft and drop 1 floor!
   113 | D:2      | Noticed a jelly
   118 | D:2      | Killed a jelly
   118 | D:2      | Reached skill level 4 in Axes
   118 | D:2      | Reached XP level 2. HP: 22/27 MP: 2/2
   118 | D:2      | Reached XP level 3. HP: 28/33 MP: 3/3
   126 | D:2      | Noticed Terence
   142 | D:2      | Killed Terence
   142 | D:2      | Reached XP level 4. HP: 40/40 MP: 4/4
   164 | D:2      | Reached skill level 5 in Axes
   378 | D:2      | Noticed Robin
   391 | D:2      | Killed Robin
  1626 | D:2      | Found a runed translucent door.
  1627 | D:2      | Noticed Crazy Yiuf
  1718 | D:2      | Reached XP level 5. HP: 39/46 MP: 5/5
  2076 | D:3      | Reached skill level 6 in Axes
  2411 | D:4      | Noticed Natasha
  2419 | D:4      | Killed Natasha
  2435 | D:4      | Reached skill level 7 in Axes
  2510 | D:4      | Reached XP level 6. HP: 39/55 MP: 6/6
  2529 | D:4      | Found a large runed translucent door.
  2529 | D:4      | Found a large runed translucent door.
  2549 | D:4      | Found a large runed translucent door.
  2549 | D:4      | Found a large runed translucent door.
  2606 | D:4      | Got an encrusted spear
  2607 | D:4      | Identified the +8 spear of an ice cave {vorpal, rF++ Str+4
                  | Dex+4 Stlth-} (You found it on level 4 of the Dungeon)
  2647 | D:4      | Reached XP level 7. HP: 36/61 MP: 7/7
  2738 | D:4      | Reached skill level 8 in Axes
  2825 | D:4      | Noticed Natasha
  2837 | D:4      | Killed Natasha
  2840 | D:4      | Found a glowing drain.
  2849 | Sewer    | Entered a sewer
  3079 | Sewer    | Reached skill level 5 in Armour
  3079 | Sewer    | Reached skill level 5 in Shields
  3432 | D:4      | Noticed Natasha
  3442 | D:4      | Killed Natasha
  3502 | D:4      | Found the +3 robe of Folly {Archmagi, MR-- Int+5}
  3559 | D:4      | Reached XP level 8. HP: 58/68 MP: 8/8
  3621 | D:4      | Noticed Menkaure
  3623 | D:4      | Killed Menkaure
  4017 | D:5      | Entered Level 5 of the Dungeon
  4054 | D:5      | Found a sand-covered staircase.
  4058 | Ossuary  | Entered an ossuary
  4205 | Ossuary  | Reached skill level 9 in Axes
  4432 | D:5      | Found Tulu's Distillery.
  4435 | D:5      | Bought a potion of flight for 45 gold pieces
  4435 | D:5      | Bought a potion of lignification for 45 gold pieces
  4701 | D:5      | Found Geacs's Gadget Boutique.
  4827 | D:5      | Found Pain's Food Emporium.
  5050 | D:6      | Noticed Grinder
  5066 | D:6      | Gained mutation: You passively map the area around you.
                  | [Deep Dwarf growth]
  5066 | D:6      | Reached XP level 9. HP: 60/74 MP: 9/9
  5069 | D:6      | Killed Grinder
  5069 | D:6      | Reached skill level 10 in Axes
  5121 | D:6      | Reached skill level 1 in Dodging
  5131 | D:6      | Reached skill level 1 in Evocations
  5335 | D:6      | Noticed Dowan
  5336 | D:6      | Noticed Duvessa
  5356 | D:6      | Killed Duvessa
  5372 | D:6      | Killed Dowan
  5489 | D:6      | Reached skill level 5 in Evocations
  5569 | D:7      | Found a staircase to the Ecumenical Temple.
  5579 | Temple   | Entered the Ecumenical Temple
  5760 | Temple   | Became a worshipper of Makhleb the Destroyer
  6024 | D:7      | Got an ichor-stained scale mail
  6307 | D:2      | Identified the cursed +1 scale mail of Analysis {MR+} (You
                  | found it on level 7 of the Dungeon)
  6313 | D:2      | Killed Crazy Yiuf
  6564 | D:8      | Gained mutation: You are agile. (Dex +2) [potion of
                  | mutation]
  6564 | D:8      | Gained mutation: You expend magic power (3 MP) to
                  | strengthen your wands. [potion of mutation]
  6564 | D:8      | Gained mutation: You can translocate small distances at
                  | will. [potion of mutation]
  6710 | D:8      | Noticed Erica
  6730 | D:8      | Killed Erica
  6730 | D:8      | Reached XP level 10. HP: 60/81 MP: 12/12
  6805 | D:8      | Quit the game

Levels and vault maps discovered:
D:1:      minmay_arrival_four_loops, layout_basic,
          hangedman_abyss_or_decor_stabs
D:2:      layout_basic, first_ration, kennysheep_pointless_box,
          kennysheep_potato, uniq_crazy_yiuf_cottage, uniq_terence, uniq_robin
D:3:      layout_loops_ring, palyth_stone_intersect
D:4:      minmay_razor_zed, layout_loops_cross, gup_sewer_entry_bowl,
          minmay_hollow_rounded_squares, uniq_menkaure, uniq_natasha
D:5:      layout_loops_ring, enter_ossuary_5, serial_shops, kennysheep_mini,
          kennysheep_little_box, shop
D:6:      layout_basic, uniq_grinder, uniq_duvessa
D:7:      layout_rooms, minmay_temple_entry_mini_moons, item_on_display_a
D:8:      layout_loops_ring, ebering_ghost_funeral_grove, grunt_ogre_cave,
          uniq_erica, uniq_harold, uniq_joseph
Temple:   kilobyte_greek_temple

Skill      XL: |  1  2  3  4  5  6  7  8  9 |
---------------+----------------------------+-----
Axes           | 4 5 7 8 9 10 | 10.2
Armour         | 4 5 6 8 |  8.2
Shields        | 4 5 6 8 |  8.2
Dodging        | 4 |  4.1
Evocations     | 5 |  5.3
Fighting       | |  2.6

Action                   |  1- 3 |  4- 6 |  7- 9 | 10-12 || total
-------------------------+-------+-------+-------+-------++-------
Melee: War axe           |    41 |   194 |       |       ||   235
       Spear             |       |    11 |   512 |       ||   523
 Abil: Heal Wounds       |     1 |     1 |     4 |       ||     6
  Use: Scroll            |       |     3 |    10 |       ||    13
       Potion            |       |       |     5 |       ||     5
  Eat: Chunk             |       |     6 |    14 |       ||    20
Armor: Scale mail        |    22 |     5 |       |       ||    27
       Chain mail        |       |    93 |    61 |       ||   154
       Plate armour      |       |       |    19 |       ||    19
Dodge: Dodged            |    12 |    35 |    41 |       ||    88
Block: Kite shield       |    27 |   100 |   162 |       ||   289
       Reflection        |       |       |    10 |       ||    10

Table legend:
 A = Non-vault XP
 B = Vault XP
 C = Vault XP percentage of total XP
 D = Non-vault monster count
 E = Vault monster count
 F = Vault count percentage of total count
                 A         B        C        D         E       F
            +---------+---------+-------+---------+---------+-------
      Total |    3027 |    2796 |  48.0 |     159 |      98 |  38.1
            +---------+---------+-------+---------+---------+-------
        D:1 |      27 |       0 |   0.0 |      17 |       0 |   0.0
        D:2 |      97 |     109 |  52.9 |      27 |      13 |  32.5
        D:3 |     100 |       0 |   0.0 |      20 |       0 |   0.0
        D:4 |     729 |     487 |  40.0 |      24 |      22 |  47.8
        D:5 |     427 |       0 |   0.0 |      23 |       0 |   0.0
        D:6 |     808 |     486 |  37.6 |      22 |       3 |  12.0
        D:7 |     572 |       0 |   0.0 |      21 |       0 |   0.0
        D:8 |     267 |     955 |  78.2 |       5 |       1 |  16.7
      Sewer |       0 |     269 | 100.0 |       0 |      21 | 100.0
    Ossuary |       0 |     490 | 100.0 |       0 |      38 | 100.0
            +---------+---------+-------+---------+---------+-------
